Map: Habitation Station LE (Void)

Players

fropez

  • Race: Protoss Protoss
  • League: Gold
  • Spawn Location: 1:00

Alexander - Winner!

  • Race: Zerg Zerg
  • League: Platinum
  • Spawn Location: 11:00

VOD

Have the link to the VOD?

Description

Time

  • Played on: Dec. 14, 2016, 7 p.m.
  • Length: 7:52
Show
View Real Time Build Order
Export as new Build Order

fropez Protoss 

Build Orders: 1 Gate Expand 

Get SALT Encoding   

  12  0:01  Probe (Chrono Boost)  
  13  0:11  Probe (Chrono Boost)  
  14  0:19  Pylon  
  14  0:33  Probe (Chrono Boost)  
  15  0:38  Gateway  
  15  0:44  Probe (Chrono Boost)  
  16  0:54  Probe (Chrono Boost)  
  17  1:05  Probe (Chrono Boost)  
  17  1:09  Assimilator  
  18  1:21  Nexus  
  18  1:29  Pylon  
  18  1:34  Pylon  
  18  1:46  Forge  
  19  1:47  Probe (Chrono Boost)  
  19  1:56  Pylon  
  19  2:10  Cybernetics Core  
  19  2:12  Probe (Chrono Boost)  
  18  2:43  Stalker  
  18  2:46  Pylon, Probe (Chrono Boost)  
  18  2:49  Pylon  
  21  2:54  Mothership Core (Chrono Boost)  
  23  2:59  Probe (Chrono Boost)  
  24  3:09  Probe (Chrono Boost)  
  24  3:10  Photon Cannon  
  17  3:38  Probe (Chrono Boost)  
  17  3:39  Probe (Chrono Boost)  
  19  3:49  Warp Gate  
  19  3:53  Photon Cannon  
  19  4:00  Probe (Chrono Boost)  
  19  4:01  Probe (Chrono Boost)  
  21  4:12  Stalker  
  24  4:18  Probe (Chrono Boost)  
  24  4:23  Probe (Chrono Boost)  
  25  4:30  Probe (Chrono Boost)  
  26  4:33  Probe (Chrono Boost)  
  27  4:42  Probe (Chrono Boost)  
  27  4:44  Probe (Chrono Boost)  
  29  4:47  Stalker  
  31  4:53  Assimilator  
  31  4:57  Probe (Chrono Boost)  
  31  4:58  Probe (Chrono Boost)  
  33  5:03  Pylon  
  33  5:07  Probe (Chrono Boost)  
  34  5:19  Pylon  
  34  5:28  Photon Cannon  
  32  5:40  Probe (Chrono Boost), Protoss Ground Weapons Level 1  
  32  5:41  Probe (Chrono Boost)  
  33  5:49  Gateway  
  33  5:53  Probe (Chrono Boost)  
  34  5:59  Gateway  
  34  6:05  Stalker  
  34  6:08  Probe (Chrono Boost)  
  34  6:09  Probe (Chrono Boost)  
  38  6:18  Pylon  
  38  6:27  Probe (Chrono Boost)  
  38  6:28  Probe (Chrono Boost)  
  40  6:33  Assimilator  
  40  6:36  Assimilator  
  40  6:43  Photon Cannon  
  39  7:06  Stalker x2  
  39  7:07  Stalker  
  45  7:15  Pylon  
  45  7:17  Pylon  
  29  7:32  Stalker  
  29  7:33  Stalker  
Show
View Real Time Build Order
Export as new Build Order

Alexander Zerg - Winner!

Build Orders: Hatch First 

Get SALT Encoding   

  12  0:02  Drone  
  13  0:10  Drone  
  14  0:17  Overlord  
  14  0:36  Drone x3  
  17  0:53  Hatchery  
  16  0:57  Extractor  
  15  1:05  Drone  
  15  1:06  Drone  
  17  1:18  Spawning Pool  
  16  1:29  Drone x2  
  18  1:46  Drone  
  18  1:47  Drone  
  20  2:06  Zergling x6  
  23  2:22  Zergling x4  
  25  2:31  Queen  
  27  2:48  Drone  
  27  2:50  Overlord  
  28  3:01  Metabolic Boost  
  28  3:04  Overlord  
  28  3:07  Queen  
  30  3:17  Zergling x10  
  35  3:29  Zergling x4  
  33  3:41  Roach Warren  
  31  3:46  Drone x3  
  34  3:54  Drone x2  
  36  4:01  Overlord  
  36  4:16  Evolution Chamber  
  35  4:20  Roach x4  
  35  4:22  Overlord  
  35  4:23  Zergling x2  
  44  4:24  Overlord  
  44  4:32  Overlord  
  44  4:47  Zerg Missile Weapons Level 1  
  44  4:48  Roach x3  
  44  4:49  Roach  
  52  4:53  Drone x2  
  54  5:02  Roach x2  
  54  5:05  Roach  
  60  5:19  Overlord x2  
  60  5:22  Overlord  
  60  5:34  Roach  
  60  5:35  Roach  
  58  5:36  Roach  
  58  5:37  Roach x2  
  62  5:43  Roach x2  
  62  5:47  Roach  
  60  5:59  Extractor  
  59  6:05  Extractor, Drone x4  
  62  6:23  Drone x6  
  68  6:29  Roach x4  
  76  6:33  Ravager  
  77  6:42  Ravager  
  78  7:05  Ravager  
Tags
 
Add a new tag
Caveats
  • Supply blocks, unpowered buildings, or Contaminate may cause inaccurate times.
  • Supply counts are checked every 10 seconds.